 Dungeon Crawl Stone Soup version 0.20-a0-700-gbd4582c (webtiles) character file.

286810 mora the Crack Shot (level 19, -25/177 HPs)
             Began as a Centaur Hunter on Feb 20, 2017.
             Was an Initiate of Gozag.
             Killed from afar by Sojobo (54 damage)
             ... with a bolt of lightning
             ... on level 2 of the Vaults.
             The game lasted 02:45:51 (58838 turns).

mora the Crack Shot (Centaur Hunter)               Turns: 58838, Time: 02:45:52

Health: -25/177    AC: 19    Str: 28    XL:     19   Next: 84%
Magic:  19/19      EV: 17    Int:  8    God:    Gozag
Gold:   3491       SH:  5    Dex: 20    Spells: 18/18 levels left

rFire    . . .     SeeInvis +   b - +6 dire flail of Lemnywn {flame, Str+4}
rCold    . . .     Gourm    .   c - +1 ring mail "Uqodout" {rPois Str+4 Slay+3 SInv}
rNeg     . . .     Faith    .   (shield currently unavailable)
rPois    +         Spirit   .   z - +2 helmet {SInv}
rElec    .         Reflect  +   Z - +2 cloak
rCorr    .         Harm     .   v - +2 pair of gloves "Zibbiw" {Str+3}
MR       ++...                  Q - +0 centaur barding of Complete Protection {+Fly}
Stlth    +.........             X - +5 amulet of reflection
Regen    0.4/turn               N - ring "Laniot" {Dex+4 Slay+1}
MPRegen  0.2/turn               K - ring of protection from magic

@: very quick
A: hooves 3, deformed body, dopey 1, speed 2, tough skin 3
}: 2/15 runes: barnacled, gossamer
a: Potion Petition, Call Merchant, Bribe Branch, Renounce Religion, Evoke Flight


You were on level 2 of the Vaults.
You worshipped Gozag.
Gozag was most pleased with you.
You were not hungry.

You visited 8 branches of the dungeon, and saw 36 of its levels.
You also visited: Ice Cave.

You collected 14179 gold pieces.
You spent 5722 gold pieces at shops.
You paid 4966 gold pieces to Gozag.

Inventory:

Hand Weapons
 a - the +8 storm bow {elec}
   (You bought it in a shop on level 11 of the Dungeon)

   It charges the ammunition it shoots with electricity; occasionally upon a
   hit, such missiles may discharge and cause terrible harm.
 b - the +6 dire flail of Lemnywn (weapon) {flame, Str+4}
   (You found it on level 4 of the Dungeon)

   It has been specially enchanted to burn those struck by it, causing extra
   injury to most foes and up to half again as much damage against particularly
   susceptible opponents.
   It affects your strength (+4).
Missiles
 d - 208 arrows
Armour
 c - the +1 ring mail "Uqodout" (worn) {rPois Str+4 Slay+3 SInv}
   (You found it on level 3 of the Lair of Beasts)

   It affects your strength (+4).
   It affects your accuracy and damage with ranged weapons and melee attacks
   (+3).
   It protects you from poison.
   It lets you see invisible.
 k - the +5 chain mail "Qudac" {*Drain rF+ rN++ Slay+3}
   (You bought it in a shop on level 11 of the Dungeon)

   It affects your accuracy and damage with ranged weapons and melee attacks
   (+3).
   It protects you from fire.
   It greatly protects you from negative energy.
   It causes draining when unequipped.
 v - the +2 pair of gloves "Zibbiw" (worn) {Str+3}
   (You bought it in a shop on level 2 of the Lair of Beasts)

   It affects your strength (+3).
 z - a +2 helmet of see invisible (worn)
 Q - the +0 centaur barding of Complete Protection (worn) {+Fly}
   (You bought it in a shop on level 11 of the Dungeon)

   It lets you fly.
 Z - a +2 cloak (worn)
Jewellery
 e - the ring of Activism {rF+ Int-2 SInv Stlth+}
   (You found it on level 4 of the Dungeon)

   [ring of stealth]

   It affects your intelligence (-2).
   It protects you from fire.
   It lets you see invisible.
   It makes you more stealthy.
 o - an uncursed ring of positive energy
 F - an uncursed ring of protection from cold
 K - a ring of protection from magic (left hand)
 N - the ring "Laniot" (right hand) {Dex+4 Slay+1}
   (You bought it in a shop on level 7 of the Dungeon)

   [ring of slaying]

   It affects your dexterity (+4).
   It affects your accuracy and damage with ranged weapons and melee attacks
   (+1).
 R - an uncursed ring of positive energy
 W - an uncursed ring of poison resistance {unknown}
 X - a +5 amulet of reflection (around neck)
Wands
 g - a wand of confusion (15/48)
 D - a wand of iceblast (10/15)
 O - a wand of acid (5/15)
 Y - a wand of disintegration (12/24)
Scrolls
 l - 18 scrolls of remove curse
 q - 5 scrolls of immolation
 r - 10 scrolls of identify
 t - 8 scrolls of amnesia
 u - a scroll of brand weapon
 w - a scroll of vulnerability
 y - a scroll of summoning
 B - 3 scrolls of recharging
 C - a scroll of silence
 H - 5 scrolls of magic mapping
 I - 3 scrolls of enchant armour
 J - 2 scrolls of blinking
 L - 5 scrolls of fog
 P - 10 scrolls of teleportation
Potions
 i - a potion of berserk rage
 j - 3 potions of invisibility
 m - a potion of flight
 n - 8 potions of curing
 p - 3 potions of agility
 s - 3 potions of might
 A - 7 potions of ambrosia
 M - 2 potions of haste
 S - a potion of cancellation
 T - 4 potions of resistance
Books
 G - a book of the Warp

   Spells                             Type                      Level
   a - Gell's Gravitas                Hexes/Translocation          3
   b - Portal Projectile              Translocation                3
   c - Force Lance                    Conjuration/Translocation    4
   d - Dispersal                      Translocation                6
   e - Controlled Blink               Translocation                8
   f - Disjunction                    Translocation                8
 V - the Compendium of Slavery
   (You found it on level 1 of the Elven Halls)

   Spells                             Type                      Level
   a - Summon Butterflies             Summoning                    1
   b - Summon Small Mammal            Summoning                    1
   c - Call Imp                       Summoning                    2
   d - Summon Ice Beast               Ice/Summoning                4
   e - Malign Gateway                 Summoning/Translocation      7
Miscellaneous
 U - a lightning rod (4/4)
Comestibles
 f - 13 bread rations
 h - 14 fruits
 x - 10 meat rations
 E - 13 royal jellies


   Skills:
 + Level 17.0 Fighting
 - Level 14.0 Maces & Flails
 * Level 26.3 Bows
 + Level 13.5 Dodging
 - Level 0.4 Stealth


You had 18 spell levels left.
You didn't know any spells.

Dungeon Overview and Level Annotations

Branches:
Dungeon (15/15)            Temple (1/1) D:7            Lair (6/6) D:9
 Shoals (4/4) Lair:2       Spider (4/4) Lair:3        Slime (0/5) Lair:5
    Orc (2/2) D:9             Elf (2/3) Orc:2        Vaults (2/5) D:14
 Depths (0/5) D:15
  Crypt: Vaults:2-3

Altars:
Ashenzari
Cheibriados
Dithmenos
Elyvilon
Fedhas
Gozag
Hepliaklqana Ieoh Jian
Kikubaaqudgha
Makhleb
Nemelex Xobeh
Okawaru
Qazlal
Ru
Sif Muna
Trog
Uskayaw
Vehumet
Xom
Yredelemnul
Zin
The Shining One
Beogh
Jiyva

Shops:
D:6 :   D:7 =   D:10 =   D:11 ([   Orc:2 [((?=   Lair:2 [   Lair:5 [
Shoals:2 *   Shoals:4 =

Annotations:
D:4 2 runed doors
D:15 exclusion: oklob plant
Lair:3 exclusion: 2 oklob plants
Spider:3 Nikola
Elf:2 5 runed doors
Vaults:2 Sojobo


Innate Abilities, Weirdness & Mutations

You have hooves in place of feet.
Armour fits poorly on your strangely shaped body.
You cover ground very quickly.
You have extremely tough skin. (AC +3)
You are dopey. (Int -2)


Message History

The air elemental hits you but does no damage.
The air elemental barely misses you.
You hit the air elemental. You burn the air elemental.
Your kick misses the air elemental.
The air elemental is severely damaged.
The air elemental barely misses you.
You impale the air elemental!! You burn the air elemental.
You destroy the air elemental!
The air elemental misses you.
The air elemental hits you but does no damage.
You closely miss the air elemental. You kick the air elemental.
The air elemental is lightly damaged.
The air elemental hits you.
* * * LOW HITPOINT WARNING * * *
The air elemental closely misses you. You block the air elemental's attack.
Sojobo gestures at you while chanting.
The bolt of lightning hits the air elemental.
The air elemental completely resists.
The bolt of lightning hits you!
You die...
Your body crumbles into a pile of gold.

########.#§§≈#.#
#......'.#####.#
#......#.......#
#......#######'#######
#......##......(.....#
#......##............#
#......##........<...#
####''###............#
#......'...E@.......#
#.....Q#...E........#
#......#............#
#......#..).........#
#......##############
#......# #......#
######Q#####################
..........E.......Q...$(((..


You could see Sojobo and 2 air elementals.

Vanquished Creatures
  Jorgrun (Shoals:3)
  Rupert (D:14)
  Asterion (Vaults:1)
  A kraken (Shoals:3)
  Gastronok (Lair:2)
  Polyphemus (Shoals:2)
  Frances (D:14)
  The ghost of Execuda the Warrior, an adept GrFi of the Shining One (Shoals:3)
  Ilsuiw (Shoals:4)
  2 tengu reavers (Vaults:2)
  5 vault wardens (Vaults:1)
  A fire giant (D:15)
  A deep elf sorcerer (Elf:2)
  4 ghost moths
  An orc warlord (Orc:2)
  4 ironheart preservers
  An emperor scorpion (Spider:4)
  An entropy weaver (Spider:2)
  6 very ugly things
  4 deep elf demonologists
  The ghost of smajdalf the Zephyrmancer, a journeyman TeAE of Vehumet (Lair:6)
  5 spark wasps
  2 fire dragons
  3 yaktaur captains
  An ettin (Orc:2)
  12 merfolk impalers
  4 merfolk javelineers (Shoals:4)
  10 vault guards
  2 rakshasas (Vaults:1)
  9 hydras
  3 catoblepae
  Erica (D:8)
  3 merfolk avatars
  28 two-headed ogres
  A death knight (D:14)
  5 merfolk aquamancers
  A deep troll shaman (Vaults:1)
  4 centaur warriors
  An alligator snapping turtle (Shoals:2)
  2 satyrs
  6 ogre magi
  8 death yaks
  A tengu warrior (D:13)
  3 orc high priests (Orc:2)
  6 deep elf knights
  11 slime creatures
  A death drake (shapeshifter) (Elf:1)
  4 deep trolls (Vaults:1)
  3 skeletal warriors (D:14)
  7 deep elf archers
  4 unseen horrors
  12 sea snakes
  Pikel (D:8)
  A glowing orange brain (Vaults:1)
  5 ironbrand convokers (Vaults:1)
  11 harpies
  A necromancer (Vaults:1)
  9 orb spiders
  8 orc knights
  33 deep elf magi
  A shining eye (shapeshifter) (Vaults:1)
  An orc sorcerer (D:14)
  48 ugly things
  10 cyclopes
  8 fauns
  3 moths of wrath
  24 wolf spiders
  A frost giant skeleton (Vaults:1)
  16 elephants
  2 gargoyles (D:14)
  A guardian serpent (shapeshifter) (Elf:1)
  5 ice statues (IceCv)
  13 manticores
  7 merfolk sirens
  A centaur zombie (D:14)
  4 vault sentinels (Vaults:1)
  3 molten gargoyles (Lair:6)
  15 spiny frogs
  9 water nymphs
  6 black mambas
  2 torpor snails
  3 centaur skeletons
  13 yaktaurs
  10 komodo dragons
  A rime drake (Lair:6)
  9 demonic crawlers
  An anaconda simulacrum (IceCv)
  A golden dragon simulacrum (IceCv)
  A tengu conjurer (D:13)
  22 merfolk
  10 trolls
  A human skeleton (Vaults:1)
  6 polar bears
  25 jumping spiders
  7 hornets
  The ghost of nago the Conjurer, a novice VSFE (D:5)
  A wolf spider simulacrum (D:14)
  4 wind drakes
  8 blink frogs
  10 snapping turtles
  A human simulacrum (Vaults:1)
  19 dream sheep
  13 hippogriffs
  A centaur simulacrum (D:12)
  An air elemental (Elf:1)
  3 shadows
  17 water elementals
  20 yaks
  40 redbacks
  A dire elephant simulacrum (IceCv)
  22 tarantellas
  7 wraiths
  A fire elemental (Elf:1)
  A vampire (D:13)
  8 wyverns
  7 basilisks
  3 steam dragons
  4 hungry ghosts
  Menkaure (D:6)
  6 vampire mosquitoes
  6 wargs
  3 harpy simulacra (IceCv)
  An acid dragon (Vaults:1)
  A soldier ant (D:11)
  2 insubstantial wisps (D:11)
  11 water moccasins
  2 hydra simulacra (IceCv)
  5 hell hounds (Lair:6)
  13 porcupines
  2 hornet zombies
  8 ice beasts
  6 sky beasts
  34 orc warriors
  4 black bears
  2 phantoms
  An ettin simulacrum (IceCv)
  4 boggarts
  21 ogres
  3 necrophages
  An ogre (shapeshifter) (Vaults:1)
  14 centaurs
  17 wolves
  7 big kobolds
  7 crocodiles
  An earth elemental (Elf:2)
  A wyvern zombie (D:7)
  16 bullfrogs
  6 gnoll sergeants (D:9)
  3 killer bees (D:8)
  3 scorpions
  6 howler monkeys
  A crimson imp (D:5)
  5 lava snakes (Lair:6)
  A quasit (D:3)
  10 hounds
  3 jellies
  18 orc priests
  4 bullfrog skeletons
  23 orc wizards
  4 iguanas
  2 hell rats (Lair:6)
  9 worker ants
  A howler monkey zombie (D:8)
  A worker ant zombie (D:10)
  7 adders
  7 gnolls
  2 river rats (Lair:6)
  3 shadow imps
  An ooze (D:1)
  An adder skeleton (D:5)
  5 worms
  2 dart slugs
  7 leopard geckos
  110 orcs
  2 giant cockroaches (D:6)
  6 hobgoblins
  30 jackals
  16 kobolds
  3 quokkas
  2 ball pythons
  A ball python skeleton (D:4)
  6 bats
  6 frilled lizards
  10 goblins
  A jackal skeleton (D:5)
  2 leopard gecko skeletons
  A quokka skeleton (D:5)
  A quokka zombie (D:5)
  11 rats
  2 tentacles (Shoals:3)
1300 creatures vanquished.

Vanquished Creatures (others)
  6 dancing weapons
  A fire crab (Lair:6)
  A deep elf mage (Elf:1)
  A bullfrog skeleton (D:8)
  A worker ant (D:8)
  A shadow imp (D:8)
  3 jackals (D:8)
  4 fungi
  19 plants
  7 tentacles (Shoals:3)
  A withered plant (Shoals:3)
45 creatures vanquished.

Grand Total: 1345 creatures vanquished

Notes
Turn   | Place    | Note
-------+----------+-------------------------------------------
     0 | D:1      | mora the Centaur Hunter began the quest for the Orb.
     0 | D:1      | Reached XP level 1. HP: 17/17 MP: 1/1
    82 | D:1      | Reached XP level 2. HP: 16/24 MP: 2/2
   165 | D:1      | Reached skill level 6 in Bows
  1027 | D:1      | Reached XP level 3. HP: 22/29 MP: 3/3
  1392 | D:2      | Reached skill level 7 in Bows
  2112 | D:2      | Reached XP level 4. HP: 13/36 MP: 4/4
  2964 | D:3      | Reached skill level 8 in Bows
  3080 | D:3      | Reached XP level 5. HP: 11/41 MP: 5/5
  3583 | D:3      | Found a sacrificial altar of Ru.
  3796 | D:3      | Found a snail-covered altar of Cheibriados.
  3801 | D:3      | Found a hide-covered altar of Uskayaw.
  3804 | D:3      | Found a glowing golden altar of the Shining One.
  3810 | D:3      | Found a blossoming altar of Fedhas.
  4168 | D:4      | Reached skill level 9 in Bows
  4447 | D:4      | Noticed a hippogriff
  4466 | D:4      | Killed a hippogriff
  4466 | D:4      | Reached skill level 10 in Bows
  4466 | D:4      | Reached XP level 6. HP: 43/48 MP: 6/6
  4542 | D:4      | Found a large runed door.
  4543 | D:4      | Found a large runed door.
  4613 | D:4      | Found a deep blue altar of Sif Muna.
  4921 | D:4      | Found a bloodstained altar of Trog.
  4934 | D:4      | Found a large runed door.
  4934 | D:4      | Found a large runed door.
  5147 | D:4      | Reached XP level 7. HP: 20/56 MP: 7/7
  5193 | D:4      | Got a glittering lapis lazuli ring
  5221 | D:4      | Got a crystal dire flail
  5222 | D:4      | Identified the +6 dire flail of Lemnywn {flame, Str+4} (You found it on level 4 of the Dungeon)
  5224 | D:4      | Identified the ring of Activism {rF+ Int-2 SInv Stlth+} (You found it on level 4 of the Dungeon)
  5436 | D:5      | Entered Level 5 of the Dungeon
  5440 | D:5      | Noticed nago's ghost (novice VSFE)
  5442 | D:5      | Found a burning altar of Makhleb.
  5585 | D:5      | Reached skill level 1 in Maces & Flails
  5739 | D:5      | Killed nago's ghost
  5739 | D:5      | Reached skill level 11 in Bows
  5980 | D:5      | Reached XP level 8. HP: 61/66 MP: 8/8
  6200 | D:6      | Noticed Menkaure
  6210 | D:6      | Killed Menkaure
  7329 | D:6      | Found Haipyapa's Book Boutique.
  7557 | D:6      | Reached skill level 5 in Fighting
  7826 | D:7      | Found a staircase to the Ecumenical Temple.
  7833 | Temple   | Entered the Ecumenical Temple
  7956 | Temple   | Became a worshipper of Gozag Ym Sagoz the Greedy
  8113 | D:7      | Reached XP level 9. HP: 74/74 MP: 9/9
  8138 | D:7      | Found Vuitig's Jewellery Shoppe.
  8141 | D:7      | Bought the cursed ring "Risoson" {rPois Int-2} for 107 gold pieces
  8238 | D:7      | Reached skill level 12 in Bows
  8477 | D:7      | Found a basalt altar of Yredelemnul.
  8598 | D:7      | Found a white marble altar of Elyvilon.
  8688 | D:8      | Noticed Pikel
  8701 | D:8      | Killed Pikel
  8783 | D:8      | Found a shattered altar of Ashenzari.
  8815 | D:8      | Noticed Erica
  8831 | D:8      | Killed Erica
  8831 | D:8      | Reached skill level 5 in Maces & Flails
  9057 | D:8      | Reached XP level 10. HP: 84/84 MP: 10/10
  9160 | D:7      | Bought the ring "Laniot" {Dex+4 Slay+1} for 299 gold pieces
  9242 | D:8      | Reached skill level 13 in Bows
 10038 | D:9      | Reached skill level 5 in Dodging
 10132 | D:9      | Noticed a two-headed ogre
 10182 | D:9      | Killed a two-headed ogre
 10381 | D:9      | Found a staircase to the Lair.
 11340 | D:9      | Found a staircase to the Orcish Mines.
 11461 | D:9      | Reached skill level 14 in Bows
 11665 | D:9      | Noticed a two-headed ogre
 11680 | D:9      | Killed a two-headed ogre
 11680 | D:9      | Reached XP level 11. HP: 67/95 MP: 11/11
 11988 | Lair:1   | Entered Level 1 of the Lair of Beasts
 13972 | Lair:2   | Noticed Gastronok
 14017 | Lair:2   | Killed Gastronok
 15062 | Lair:2   | Reached skill level 15 in Bows
 15076 | Lair:2   | Found a staircase to the Shoals.
 15215 | Lair:2   | Reached XP level 12. HP: 90/105 MP: 12/12
 15521 | Lair:3   | Got a brightly glowing ring mail
 15537 | Lair:3   | Found a hole to the Spider Nest.
 15755 | Lair:3   | Noticed a death yak
 15755 | Lair:3   | Noticed a death yak
 15757 | Lair:3   | Noticed a death yak
 15760 | Lair:3   | Noticed a death yak
 15774 | Lair:3   | Killed a death yak
 15801 | Lair:3   | Killed a death yak
 16017 | Lair:2   | Killed a death yak
 16359 | Lair:3   | Killed a death yak
 16430 | Lair:3   | Noticed a six-headed hydra
 16446 | Lair:3   | Killed a six-headed hydra
 16898 | Lair:3   | Reached skill level 10 in Fighting
 17650 | Lair:4   | Reached skill level 10 in Maces & Flails
 18416 | Lair:4   | Identified the cursed +1 ring mail "Uqodout" {rPois Str+4 Slay+3 SInv} (You found it on level 3 of the Lair of Beasts)
 18523 | Lair:5   | Noticed an eight-headed hydra
 18545 | Lair:5   | Killed an eight-headed hydra
 18639 | Lair:5   | Noticed a four-headed hydra
 18675 | Lair:5   | Killed a four-headed hydra
 19511 | Lair:5   | Reached XP level 13. HP: 49/114 MP: 13/13
 19903 | Lair:5   | Found a staircase to the Slime Pits.
 20020 | Lair:5   | Bought a +2 helmet of see invisible for 301 gold pieces
 20211 | Lair:6   | Entered Level 6 of the Lair of Beasts
 20380 | Lair:6   | Reached skill level 16 in Bows
 21894 | Lair:6   | Noticed smajdalf's ghost (journeyman TeAE)
 21927 | Lair:6   | HP: 4/116 [smajdalf's ghost/bolt of lightning (27)]
 22433 | Lair:6   | Killed smajdalf's ghost
 23559 | Lair:6   | Noticed a fire dragon
 23559 | Lair:6   | Found a large runed door.
 24255 | Lair:6   | Reached XP level 14. HP: 110/124 MP: 11/14
 24326 | Lair:6   | Found a large runed door.
 24867 | D:10     | Entered Level 10 of the Dungeon
 25081 | D:10     | Found Zekle's Jewellery Boutique.
 26097 | D:11     | Reached skill level 17 in Bows
 26281 | D:11     | Found a deep blue altar of Sif Muna.
 28042 | D:14     | Noticed Frances
 28476 | D:14     | Reached skill level 18 in Bows
 28915 | D:14     | Killed Frances
 29070 | D:14     | Reached XP level 15. HP: 128/134 MP: 15/15
 29256 | D:14     | Noticed Rupert
 29256 | D:14     | Paralysed by Rupert for 6 turns
 29313 | D:14     | Killed Rupert
 29617 | D:14     | Found a gate to the Vaults.
 30096 | D:14     | Reached skill level 19 in Bows
 30404 | D:15     | Entered Level 15 of the Dungeon
 30417 | D:15     | Reached skill level 10 in Dodging
 30429 | D:15     | Got a translucent ring mail
 30430 | D:15     | Identified the cursed +1 ring mail of Indomitability {rF- rCorr Str+5 SInv} (You found it on level 15 of the Dungeon)
 30770 | D:15     | Found a blossoming altar of Fedhas.
 31071 | D:15     | Found a staircase to the Depths.
 31071 | D:15     | Noticed a fire giant
 31209 | D:15     | Killed a fire giant
 32148 | Orc:1    | Entered Level 1 of the Orcish Mines
 32712 | Orc:2    | Entered Level 2 of the Orcish Mines
 32801 | Orc:2    | Found a roughly hewn altar of Beogh.
 32905 | Orc:2    | Found a staircase to the Elven Halls.
 32925 | Orc:2    | Found Bouw's Weapon Boutique.
 32945 | Orc:2    | Bought 16 arrows for 41 gold pieces
 32962 | Orc:2    | Found an iron altar of Okawaru.
 33101 | Orc:2    | Found a roughly hewn altar of Beogh.
 33122 | Orc:2    | Found Wainotog's Jewellery Emporium.
 33134 | Orc:2    | Bought a cursed ring of teleportation for 72 gold pieces
 33254 | Orc:2    | Found a roughly hewn altar of Beogh.
 33484 | Orc:2    | Found Mugg's Magic Scroll Shop.
 33497 | Orc:2    | Bought a scroll of identify for 32 gold pieces
 33497 | Orc:2    | Bought a scroll of identify for 32 gold pieces
 33497 | Orc:2    | Bought a scroll of teleportation for 48 gold pieces
 33497 | Orc:2    | Bought a scroll of identify for 32 gold pieces
 33497 | Orc:2    | Bought a scroll of teleportation for 48 gold pieces
 33497 | Orc:2    | Bought a scroll of teleportation for 48 gold pieces
 33497 | Orc:2    | Bought a scroll of magic mapping for 56 gold pieces
 33497 | Orc:2    | Bought a scroll of identify for 32 gold pieces
 33547 | Orc:2    | Noticed an orc warlord
 33668 | Orc:2    | Killed an orc warlord
 33668 | Orc:2    | Reached skill level 20 in Bows
 33868 | Orc:2    | Found Weudaci's Antique Armour Shop.
 33868 | Orc:2    | Found a roughly hewn altar of Beogh.
 33873 | Orc:2    | Found Zavul's Antique Weapon Boutique.
 33939 | Orc:2    | Found a roughly hewn altar of Beogh.
 34019 | Orc:2    | Bought a glowing longbow for 210 gold pieces
 34019 | Orc:2    | Bought a runed shortbow for 168 gold pieces
 34025 | Orc:2    | Bought a runed hat for 196 gold pieces
 34025 | Orc:2    | Bought a runed helmet for 210 gold pieces
 34302 | Spider:1 | Entered Level 1 of the Spider Nest
 34319 | Spider:1 | Reached XP level 16. HP: 132/144 MP: 13/16
 37019 | Spider:3 | Got a polished ring mail
 37020 | Spider:3 | Identified the +4 ring mail of the Slug {rC- Regen+ Int+4 Slay+2} (You found it on level 3 of the Spider Nest)
 37190 | Spider:3 | Noticed Nikola
 37369 | Shoals:1 | Entered Level 1 of the Shoals
 37370 | Shoals:1 | Found a snail-covered altar of Cheibriados.
 37405 | Lair:2   | Bought a pair of pitted gloves for 228 gold pieces
 37405 | Lair:2   | Bought a runed shield for 180 gold pieces
 37504 | Lair:5   | Identified the +2 pair of gloves "Zibbiw" {Str+3} (You bought it in a shop on level 2 of the Lair of Beasts)
 38065 | Shoals:1 | Reached skill level 21 in Bows
 38451 | Shoals:2 | Noticed Polyphemus
 38505 | Shoals:2 | HP: 3/145 [merfolk impaler/trident of freezing (13)]
 38505 | Shoals:2 | HP: 1/145 [merfolk impaler/trident of freezing (2)]
 41109 | Shoals:2 | Killed Polyphemus
 41295 | Shoals:2 | Found Kauzaf's Assorted Antiques.
 41320 | Shoals:2 | Bought a glowing shortbow for 138 gold pieces
 41320 | Shoals:2 | Bought a scroll of blinking for 172 gold pieces
 41320 | Shoals:2 | Bought a scroll of teleportation for 69 gold pieces
 41600 | Shoals:3 | Noticed a kraken
 41645 | Shoals:3 | Killed a kraken
 41921 | Shoals:3 | Noticed Jorgrun
 41940 | Shoals:3 | Killed Jorgrun
 42115 | Shoals:3 | Reached XP level 17. HP: 127/154 MP: 14/17
 42581 | Shoals:3 | Noticed Execuda's ghost (adept GrFi)
 43222 | Shoals:3 | Reached skill level 22 in Bows
 43246 | Shoals:3 | Killed Execuda's ghost
 44278 | Elf:1    | Entered Level 1 of the Elven Halls
 44721 | Elf:1    | Identified the Compendium of Slavery
 46246 | Elf:2    | Reached skill level 15 in Fighting
 47210 | Elf:2    | Reached skill level 23 in Bows
 47368 | Elf:2    | Found a huge runed gate.
 47373 | Elf:2    | Found a huge runed gate.
 47373 | Elf:2    | Found a huge runed gate.
 47374 | Elf:2    | Found a huge runed gate.
 47374 | Elf:2    | Found a huge runed gate.
 47732 | Spider:4 | Entered Level 4 of the Spider Nest
 47735 | Spider:4 | Found a frozen archway.
 47745 | IceCv    | Entered an ice cave
 48983 | Spider:4 | Reached XP level 18. HP: 151/162 MP: 16/18
 50452 | Spider:4 | Got a gossamer rune of Zot
 51046 | Shoals:4 | Entered Level 4 of the Shoals
 51086 | Shoals:4 | Found Nirroen's Jewellery Shoppe.
 51677 | Shoals:4 | Bought a cursed ring of loudness for 67 gold pieces
 51689 | Shoals:4 | Reached skill level 24 in Bows
 52359 | Shoals:4 | Got a barnacled rune of Zot
 52622 | Shoals:4 | Got a warped ring mail
 52623 | Shoals:4 | Identified the +4 ring mail of Jaelu {Dex+2 SInv} (You found it on level 4 of the Shoals)
 52884 | Shoals:4 | Noticed Ilsuiw
 52929 | Shoals:4 | Killed Ilsuiw
 53512 | Shoals:4 | Identified a scroll of acquirement
 53514 | Shoals:4 | Got an encrusted chain mail
 53515 | Shoals:4 | Identified the +0 chain mail "Haxzupuj" {Int+3 Dex+5 Stlth-} (You acquired it on level 4 of the Shoals)
 53702 | Shoals:4 | Got a jewelled shield
 53703 | Shoals:4 | Identified the +3 shield of the Game of Life {-Cast rPois rF+ MR- Slay+5} (You found it on level 4 of the Shoals)
 54623 | Orc:2    | Bought a shimmering hand crossbow for 238 gold pieces
 54623 | Orc:2    | Identified the cursed +1 hand crossbow of Rotation {flame, MP+9 Dex+4} (You bought it in a shop on level 2 of the Orcish Mines)
 54758 | D:11     | Bought an ancient chain mail for 247 gold pieces
 54758 | D:11     | Bought a spiked centaur barding for 728 gold pieces
 54758 | D:11     | Identified the +0 centaur barding of Complete Protection {+Fly} (You bought it in a shop on level 11 of the Dungeon)
 54770 | D:11     | Identified the +5 chain mail "Qudac" {*Drain rF+ rN++ Slay+3} (You bought it in a shop on level 11 of the Dungeon)
 54783 | D:11     | Bought the +8 storm bow {elec} for 1105 gold pieces
 54852 | Vaults:1 | Entered Level 1 of the Vaults
 55671 | Vaults:1 | Reached XP level 19. HP: 125/172 MP: 12/19
 55759 | Vaults:1 | Reached skill level 25 in Bows
 56296 | Shoals:4 | Bought a +5 amulet of reflection for 618 gold pieces
 56597 | Vaults:1 | Noticed Asterion
 56618 | Vaults:1 | Killed Asterion
 58441 | Vaults:1 | Reached skill level 26 in Bows
 58623 | Vaults:2 | Gained mutation: You are dopey. (Int -2) [a cacodemon]
 58794 | Vaults:2 | Noticed Sojobo
 58838 | Vaults:2 | Killed from afar by Sojobo

Vault maps used:
D:1:      kennysheep_arrival_seaside
D:2:      kennysheep_cluttered_room
D:3:      lemuel_crystal_altar, minitemple, first_bread
D:4:      nicolae_overflow_hidden_temple, overflow_temple_1_default,
          minmay_hollow_rounded_squares
D:5:      lemuel_crystal_altar
D:6:      serial_shops, nicolae_shop_competitors_out_of_business,
          amethyst_killhole, uniq_menkaure
D:7:      kennysheep_ying_yang, minmay_temple_entry_trees, serial_shops,
          kennysheep_mini_moat
D:8:      cheibrodos_ashenzari_chains, uniq_erica, uniq_pikel
D:9:      lair_entry_dummy, kennysheep_orc_monster_closet_entryway,
          hangedman_fish_farm, minivault_26, roderic_roman_lattice
D:10:     serial_shops, kennysheep_mini
D:11:     basic_altar, hangedman_misty_isle
D:14:     grunt_vaults_entry_fortified, uniq_rupert, uniq_frances
D:15:     grunt_enter_depths_giant_problem, wad_floor_pattern_1, tgw_fedhas
Temple:   pf_slimified_temple
Lair:1:   small_statue_intersection, cheibrodos_lair_lostbears
Lair:2:   beast_lair_carwin_large_3, minmay_shoals_entry_centaurs,
          infiniplex_staircase_pool, uniq_gastronok
Lair:3:   spider_nest_entry_a, grunt_megastairs_5, minmay_lair_oklob_chamber,
          lemuel_fruit_tree
Lair:4:   infiniplex_staircase_pool_2, grunt_megastairs_4, serial_bayou_shore_b,
          lemuel_fruit_fields, serial_bayou_shore_b
Lair:5:   slime_dummy
Lair:6:   cheibrodos_lair_end_hotspot, kennysheep_abandoned_house
Shoals:1: lemuel_altar_in_water2
Shoals:2: serial_shops, nicolae_shop_overgrown_old_shop,
          nicolae_shoals_cliffside_cave, uniq_polyphemus
Shoals:3: argonaut_gorgonesque, uniq_jorgrun
Shoals:4: shoals_end_simple, shoals_ilsuiw_alternative, serial_shops,
          nicolae_shop_trees
Spider:3: uniq_nikola
Spider:4: grunt_spider_rune_parallel, portal_ice_cave_entry_pillars_three,
          spider_trap
Orc:2:    grunt_orc_community_town_hall, grunt_orc_community_big_house_1,
          grunt_orc_community_big_house_2, grunt_orc_community_house_1,
          grunt_orc_community_house_1, grunt_orc_community_house_2,
          grunt_orc_community_house_3, grunt_orc_community_house_3,
          grunt_orc_community_house_2, serial_shops, shop,
          okawaru_metal_pillars_1_2
Elf:1:    minmay_elf_arrival_summoners, minmay_elf_demonology,
          minmay_strange_pillars
Vaults:1: vaults_dpeg_doors, v_misc_13, nicolae_vaults_bisected_exclaves,
          v_alt_pattern_2, nicolae_vaults_arrows, nicolae_vaults_what_the_h,
          nicolae_vaults_ninety_degrees, vaults_room_large_hall,
          nicolae_vaults_specimen_jars, grunt_vaults_twisty,
          nicolae_vaults_theta, uniq_asterion
Vaults:2: ontoclasm_vaults_ligature, dpeg_vaults_monster_box, v_misc_28,
          minmay_guarded_unrand_secular_launcher, v_misc_4, v_pattern_4,
          v_misc_2, vaults_room_large_hall, hangedman_vaults_nodes,
          v_alt_pattern_1, serial_ice_g, vaults_dpeg_encased_lava, serial_shops,
          shop, uniq_frederick, uniq_sojobo
IceCv:    ice_cave_statue_garden_chambered

Skill      XL: |  1  2  3  4  5  6  7  8  9 10 11 12 13 14 15 16 17 18 19 |
---------------+----------------------------------------------------------+-----
Bows           | 6 7 8 10 11 12 14 15 16 18 20 21 23 24 26 | 26.3
Dodging        | 2 3 4 6 7 8 9 10 11 12 13 | 13.5
Fighting       | 3 5 6 8 9 10 11 12 13 14 15 16 17 | 17.0
Maces & Flails | 2 3 5 6 8 10 12 13 14 | 14.0
Stealth        | |  0.4

Action                   |  1- 3 |  4- 6 |  7- 9 | 10-12 | 13-15 | 16-18 | 19-21 || total
-------------------------+-------+-------+-------+-------+-------+-------+-------++-------
Melee: Short sword       |   179 |   170 |       |       |       |       |       ||   349
       Kick              |    28 |    42 |    32 |   123 |   111 |    29 |     1 ||   366
       Hand axe          |       |    58 |       |       |       |       |       ||    58
       Dire flail        |       |       |   171 |   398 |   286 |    72 |     4 ||   931
       Shortbow          |       |       |       |       |     1 |       |       ||     1
 Fire: Shortbow          |    39 |    33 |    36 |   398 |  1431 |  2138 |       ||  4075
       Longbow           |       |       |       |       |    24 |   137 |   433 ||   594
Invok: Call Merchant     |       |       |       |       |     1 |     3 |       ||     4
       Potion Petition   |       |       |       |       |       |     2 |     1 ||     3
 Abil: Evoke Flight      |       |       |       |       |       |     1 |       ||     1
  Use: Scroll            |       |     8 |     2 |    20 |    11 |    23 |     2 ||    66
       Potion            |       |     2 |       |     5 |     4 |    18 |       ||    29
 Stab: Sleeping          |       |       |     3 |     3 |       |       |       ||     6
       Distracted        |       |       |       |     1 |     1 |       |       ||     2
  Eat: Chunk             |     3 |     9 |     7 |       |       |       |       ||    19
       Bread ration      |       |       |     1 |     4 |     2 |     8 |     2 ||    17
       Meat ration       |       |       |       |     1 |     3 |     2 |       ||     6
       Fruit             |       |       |       |    12 |    10 |    11 |       ||    33
Armor: Leather armour    |    98 |    12 |       |       |       |       |       ||   110
       Ring mail         |       |   178 |    66 |    83 |    90 |   247 |    30 ||   694
Dodge: Dodged            |   112 |   154 |    89 |   224 |   239 |   582 |    54 ||  1454
Block: Other             |       |     4 |    10 |    38 |     1 |       |    11 ||    64
       Reflection        |       |       |     1 |     1 |       |       |     2 ||     4
